 Dungeon Crawl Stone Soup version 0.19.5 (webtiles) character file.

474 Jerry the Vexing (level 6, 41/41 HPs)
             Began as a Vampire Enchanter on Apr 5, 2017.
             Was an Initiate of Kikubaaqudgha.
             Quit the game in the Ecumenical Temple.
             The game lasted 00:18:01 (5432 turns).

Jerry the Vexing (Vampire Enchanter)                Turns: 5432, Time: 00:18:02

Health: 41/41      AC:  0    Str:  7    XL:     6   Next: 84%
Magic:  11/11      EV: 20    Int: 19    God:    Kikubaaqudgha [......]
Gold:   86         SH:  0    Dex: 20    Spells: 2 memorised, 7 levels left

rFire  . . .     SeeInvis +     (weapon currently unavailable)
rCold  + . .     Gourm    .     (armour currently unavailable)
rNeg   + + .     Faith    +     (shield currently unavailable)
rPois  +         Spirit   .     (helmet currently unavailable)
rElec  .         Reflect  .     (cloak currently unavailable)
rCorr  .         Harm     .     (gloves currently unavailable)
MR     .....                    (boots currently unavailable)
Stlth  ++++++....               s - amulet of faith
                                (ring currently unavailable)
                                (ring currently unavailable)

@: bat-form, flying, regenerating slowly, very quick
A: fangs 3, see invisible, (unbreathing)
a: End Transformation, Renounce Religion


You were in the Ecumenical Temple.
You worshipped Kikubaaqudgha.
Kikubaaqudgha was noncommittal.
You were very thirsty.
You were in vampire-bat-form.
You visited 2 branches of the dungeon, and saw 5 of its levels.

You collected 86 gold pieces.

Inventory:

Hand Weapons
 a - a +1 dagger (melded)
Armour
 b - a +2 robe (melded)
 t - a +0 helmet (melded)
 w - a +0 cloak (melded)
Jewellery
 p - a +2 ring of protection (melded)
 s - an amulet of faith (around neck)
Wands
 i - a wand of lightning (4/15)
 j - a wand of paralysis (5/24)
Scrolls
 h - 2 scrolls of identify
 r - 2 scrolls of teleportation
 y - a scroll of amnesia
Potions
 d - 23 potions of blood
 f - a potion of berserk rage {unknown}
 k - a potion of haste {unknown}
 l - a potion of lignification {unknown}
 m - a potion of cure mutation {unknown}
 n - a potion of curing {unknown}
 q - a potion of brilliance {unknown}
 u - a potion of resistance {unknown}
 v - a potion of cancellation {unknown}
Books
 c - a book of Maledictions

   Spells                             Type                      Level
   a - Corona                         Hexes                        1
   b - Ensorcelled Hibernation        Hexes/Ice                    2
   c - Confuse                        Hexes                        3
   d - Tukima's Dance                 Hexes                        3
   e - Dazzling Spray                 Conjuration/Hexes            3
 g - a book of Minor Magic

   Spells                             Type                      Level
   a - Magic Dart                     Conjuration                  1
   b - Blink                          Translocation                2
   c - Call Imp                       Summoning                    2
   d - Repel Missiles                 Charms/Air                   2
   e - Slow                           Hexes                        2
   f - Conjure Flame                  Conjuration/Fire             3
   g - Mephitic Cloud                 Conjuration/Poison/Air       3


   Skills:
 + Level 3.6 Short Blades
 - Level 2.1 Dodging
 + Level 6.9 Stealth
 + Level 3.9 Spellcasting
 + Level 7.0 Hexes


You had 7 spell levels left.
You knew the following spells:

 Your Spells              Type           Power        Failure   Level  Hunger
b - Ensorcelled Hibernat  Hex/Ice        ###...       6%          2    ##.....
c - Confuse               Hex            ####....     1%          3    ###....


Dungeon Overview and Level Annotations

Branches:
Dungeon (4/15)             Temple (1/1) D:4

Altars:
Cheibriados
Dithmenos
Fedhas
Gozag
Hepliaklqana
Kikubaaqudgha
Makhleb
Okawaru
Qazlal
Ru
Sif Muna
Trog
Uskayaw
Vehumet
Yredelemnul
Zin


Innate Abilities, Weirdness & Mutations

You heal slowly.
You have razor-sharp teeth.
You have supernaturally acute eyesight. (SInv)
((You can survive without breathing.))


Message History

There is a staircase to the Ecumenical Temple here.
You can't go up here!
You fly downwards.
Welcome to the Ecumenical Temple!
Found three altars.
There is a staircase back to the Dungeon here.
Found three altars.
Magic restored.
One of your 24 potions of blood rots away.
Found three altars.
Found three altars.
Found three altars.
Found a sacrificial altar of Ru.
Done exploring.
Done exploring.
There is a snail-covered altar of Cheibriados here.
There is an ancient bone altar of Kikubaaqudgha here.
You perch on the altar of Kikubaaqudgha.
Kikubaaqudgha welcomes you!
Your amulet flashes!
Are you sure you want to abandon this character and quit the game? (Confirm with "yes".)

♣♣♣♣♣♣♣♣♣♣♣♣♣♣♣♣♣♣♣♣♣♣♣♣♣
≈≈≈≈≈≈≈≈≈≈≈≈≈≈≈≈≈≈≈≈≈≈≈≈♣
.......................≈♣
#.#.#.#.#.#.#.#.#.#.#.#≈♣
.......................≈♣
#####################.#≈♣
................8...#..≈♣
....................#.#≈♣
...._.._.._.._..b...#..≈♣
.#....................#≈♣
_8.._.._.._.._.._......<♣
.#....................#≈♣
...._.._.._.._.._...#..≈♣
....................#.#≈♣
................8...#..≈♣
#####################.#≈♣
.......................≈♣


There were no monsters in sight!

Vanquished Creatures
  Eustachio (D:4)
  2 orc priests (D:3)
  2 orc wizards (D:3)
  A worker ant (D:4)
  3 gnolls (D:4)
  5 adders
  An ooze (D:2)
  2 worms
  4 dart slugs
  6 leopard geckos
  7 orcs
  6 bats
  4 giant cockroaches
  8 goblins
  10 hobgoblins
  13 jackals
  2 quokkas
  A ball python (D:1)
  3 frilled lizards
  6 kobolds
  7 rats
94 creatures vanquished.

Notes
Turn   | Place    | Note
-------+----------+-------------------------------------------
     0 | D:1      | Jerry the Vampire Enchanter began the quest for the Orb.
     0 | D:1      | Reached XP level 1. HP: 13/13 MP: 3/3
   357 | D:1      | Reached XP level 2. HP: 16/19 MP: 3/5
   538 | D:1      | Learned a level 2 spell: Ensorcelled Hibernation
   795 | D:1      | You fall through a shaft!
   891 | D:3      | Reached skill level 5 in Hexes
  1491 | D:2      | Reached XP level 3. HP: 19/24 MP: 1/6
  1496 | D:2      | Learned a level 3 spell: Confuse
  1823 | D:1      | Reached skill level 5 in Stealth
  3108 | D:2      | Reached XP level 4. HP: 28/30 MP: 8/8
  3818 | D:3      | Reached skill level 6 in Hexes
  3818 | D:3      | Reached XP level 5. HP: 27/35 MP: 2/9
  4902 | D:3      | Reached XP level 6. HP: 38/41 MP: 0/11
  5129 | D:4      | Noticed Eustachio
  5142 | D:4      | Killed Eustachio
  5222 | D:4      | Reached skill level 7 in Hexes
  5319 | D:4      | Found a staircase to the Ecumenical Temple.
  5334 | Temple   | Entered the Ecumenical Temple
  5431 | Temple   | Became a worshipper of Kikubaaqudgha
  5432 | Temple   | Quit the game

Skill      XL: |  1  2  3  4  5  6 |
---------------+-------------------+-----
Hexes          | 5 6 7 |  7.0
Stealth        | 5 6 |  6.9
Short Blades   | 2 3 |  3.6
Spellcasting   | 3 |  3.9
Dodging        | |  2.1

Action                   |  1- 3 |  4- 6 || total
-------------------------+-------+-------++-------
Melee: Dagger            |   135 |   139 ||   274
       Bite              |     7 |     8 ||    15
 Cast: Corona            |     9 |       ||     9
       Ensorcelled Hiber |    35 |    46 ||    81
 Abil: Bat Form          |       |     1 ||     1
  Use: Potion            |     4 |     5 ||     9
       Scroll            |     5 |     4 ||     9
 Stab: Sleeping          |    20 |    35 ||    55
Armor: Robe              |    41 |    31 ||    72
Dodge: Dodged            |   122 |    80 ||   202
